Map: Para Site LE

Players

Kelazhur

  • Race: Terran Terran
  • Spawn Location: 5:00

llllllllllll (sOs) - Winner!

  • Race: Protoss Protoss
  • League: Master
  • Spawn Location: 11:00

Event: IEM Season 13 - Katowice Server Qualifiers America

VOD

Have the link to the VOD?

Description

Time

  • Played on: Jan. 6, 2019, 4:45 p.m.
  • Length: 15:42

All games in this series

Show
View Real Time Build Order
Export as new Build Order

Kelazhur Terran 

Build Orders: Cyclone Opening 

Get SALT Encoding   

  12  0:00  SCV  
  13  0:13  SCV  
  14  0:18  Supply Depot  
  14  0:25  SCV  
  15  0:39  SCV  
  15  0:40  Barracks  
  16  0:45  Refinery  
  16  0:51  SCV  
  16  0:56  Refinery  
  17  1:04  SCV  
  18  1:16  SCV  
  19  1:28  Reaper, Orbital Command  
  20  1:45  Factory  
  20  1:51  Supply Depot  
  20  1:57  SCV  
  20  2:00  Bunker  
  21  2:05  Reaper  
  22  2:24  SCV  
  22  2:28  Factory Tech Lab  
  23  2:36  SCV  
  24  2:45  Starport  
  24  2:48  SCV, Cyclone  
  28  2:51  Supply Depot  
  28  3:00  SCV  
  29  3:10  Liberator  
  29  3:17  SCV  
  29  3:19  Command Center  
  30  3:22  Cyclone  
  33  3:29  SCV  
  37  3:37  Supply Depot  
  36  3:42  SCV  
  37  3:52  Barracks  
  37  3:58  Cyclone  
  40  4:03  SCV  
  41  4:16  Barracks Tech Lab  
  41  4:20  Barracks  
  41  4:30  SCV  
  42  4:38  Orbital Command  
  42  4:39  Cyclone, Stimpack  
  42  4:42  SCV  
  43  4:50  Viking  
  45  4:55  Barracks Reactor  
  45  4:58  SCV  
  46  5:02  Bunker  
  46  5:04  Marine  
  47  5:10  SCV  
  47  5:12  Barracks Tech Lab  
  47  5:13  SCV  
  49  5:20  Factory Reactor  
  49  5:22  Marine, SCV  
  49  5:25  SCV  
  52  5:30  Barracks  
  52  5:31  Engineering Bay  
  52  5:32  Barracks  
  52  5:33  Supply Depot  
  52  5:34  Marine  
  52  5:35  Marine, SCV  
  54  5:37  Marine  
  54  5:41  SCV  
  57  5:47  SCV  
  58  5:53  SCV  
  58  5:54  Marine  
  58  5:55  Marine  
  60  6:05  Marauder x2, SCV x2  
  60  6:07  Refinery  
  65  6:12  Combat Shield  
  65  6:14  Marine x2  
  65  6:17  SCV  
  65  6:18  SCV  
  69  6:20  Barracks Tech Lab, Barracks Reactor  
  69  6:27  Factory Reactor  
  69  6:36  Refinery, SCV, Supply Depot  
  69  6:37  Supply Depot  
  70  6:40  Terran Infantry Weapons Level 1  
  70  6:42  Concussive Shells  
  70  6:50  Command Center  
  70  6:57  Supply Depot  
  70  6:58  Marauder, SCV x2  
  70  7:00  Marine x3  
  70  7:01  Marine  
  77  7:05  Marauder  
  80  7:11  Medivac x2  
  80  7:13  SCV  
  85  7:21  Marine, Widow Mine x2  
  85  7:22  Marine  
  93  7:24  Marine x2  
  93  7:34  Supply Depot  
  93  7:53  Marine  
  93  7:55  Medivac x2  
  93  7:56  Marauder, Widow Mine  
  102  7:59  Supply Depot  
  102  8:02  Marine x3, Marauder x2, Widow Mine, SCV x2  
  113  8:14  SCV x2  
  113  8:15  Armory  
  113  8:17  Marauder  
  113  8:18  Supply Depot  
  113  8:19  Supply Depot  
  112  8:27  Missile Turret  
  112  8:32  Missile Turret  
  107  8:34  SCV x2  
  107  8:35  Orbital Command  
  107  8:46  SCV  
  80  9:00  Marine x3, Marauder x2  
  80  9:01  Marine, Marauder  
  80  9:02  SCV x3  
  88  9:10  Terran Infantry Weapons Level 2  
  88  9:14  SCV x3  
  91  9:21  Marine x4  
  91  9:22  Marauder, Liberator  
  97  9:26  Liberator, Missile Turret, SCV x3  
  97  9:27  Widow Mine  
  97  9:31  Widow Mine  
  104  9:38  SCV x3  
  107  9:44  Marine  
  107  9:45  Marine x2  
  116  9:46  Marine  
  116  9:51  SCV  
  112  9:53  Marauder  
  112  9:58  SCV  
  114  10:02  Marine  
  114  10:03  Marauder  
  114  10:06  Marine  
  116  10:08  SCV  
  116  10:12  Widow Mine  
  116  10:14  Marauder, SCV  
  116  10:17  SCV  
  116  10:19  Marine  
  118  10:41  Liberator  
  118  10:42  Marine x4, Marauder x3  
  124  10:43  SCV x2  
  124  10:44  SCV  
  124  10:46  Widow Mine  
  124  10:47  Widow Mine  
  131  10:53  Supply Depot  
  132  11:04  Marauder  
  132  11:06  Marine  
  132  11:07  Marauder, Liberator  
  115  11:15  Marine x2, Marauder  
  112  11:24  Widow Mine x2  
  117  11:26  Marauder  
  115  11:32  Terran Infantry Weapons Level 3  
  115  11:34  SCV  
  115  11:39  SCV x2  
  118  11:41  Medivac  
  118  11:42  Marauder  
  118  11:44  Marine x2  
  124  11:50  Marauder, Refinery  
  126  11:54  Widow Mine x2  
  130  12:06  SCV x3  
  130  12:07  Marine x4, Marauder, Medivac  
  141  12:09  Supply Depot  
  141  12:28  Supply Depot  
  141  12:31  Marauder x2, SCV x3, Supply Depot  
  141  12:33  Supply Depot  
  141  12:34  Marauder  
  150  12:41  Marine x2  
  152  12:45  Marine  
  152  12:52  Marauder x2  
  152  12:53  Marine  
  152  12:55  Marauder  
  157  12:58  Marine, Command Center  
  157  12:59  Marine  
  157  13:00  SCV x3  
  157  13:03  Marine  
  161  13:11  Liberator x2  
  147  13:24  Marine x5, Marauder  
  147  13:25  Marauder  
  147  13:26  Widow Mine  
  147  13:27  Widow Mine  
  156  13:34  SCV x3  
  164  13:37  Refinery  
  163  13:41  Marine  
  163  13:43  Marauder  
  163  13:46  SCV  
  163  13:48  Widow Mine x2  
  158  13:54  Marauder x2  
  160  13:57  Marine x3  
  160  13:58  Liberator x2  
  160  13:59  Marine  
  164  14:04  Marauder  
  166  14:14  Widow Mine x2  
  166  14:15  Marine x3, Marauder  
  172  14:26  Marauder  
  172  14:29  Marine  
  172  14:30  Marine  
  159  14:33  Marauder  
  159  14:35  Widow Mine  
  159  14:36  Widow Mine  
  159  14:37  Marauder  
  155  14:46  Marine x2  
  155  14:47  Marauder  
  148  15:11  SCV  
  149  15:20  Marine  
  149  15:21  SCV  
  149  15:23  Marine x3, SCV  
Show
View Real Time Build Order
Export as new Build Order

llllllllllll Protoss - Winner!

Build Orders: 1 Gate Expand, Chargelot Immortal 

Get SALT Encoding   

  12  0:01  Probe  
  13  0:13  Probe  
  14  0:17  Pylon  
  14  0:25  Probe  
  15  0:33  Probe  
  15  0:36  Gateway  
  15  0:41  Probe  
  16  0:47  Assimilator  
  17  0:51  Probe  
  18  1:03  Probe  
  19  1:15  Probe  
  20  1:25  Cybernetics Core  
  20  1:33  Nexus  
  20  1:37  Pylon  
  20  1:41  Probe  
  21  1:49  Assimilator  
  21  1:52  Stalker  
  21  1:53  Probe  
  22  2:03  Warp Gate  
  22  2:07  Probe  
  25  2:19  Probe  
  25  2:22  Stalker  
  26  2:34  Probe  
  27  2:40  Robotics Facility  
  27  2:45  Probe  
  27  2:46  Probe  
  29  2:54  Stalker  
  30  3:02  Shield Battery  
  30  3:06  Probe  
  30  3:08  Probe  
  32  3:16  Probe x2  
  33  3:26  Probe x2  
  35  3:36  Warp Prism  
  35  3:39  Probe x2  
  39  3:46  Gateway  
  39  3:59  Gateway  
  39  4:01  Probe x2  
  41  4:04  Pylon  
  41  4:08  Stalker  
  43  4:21  Observer, Probe  
  43  4:22  Probe  
  43  4:41  Stalker x2  
  43  4:42  Probe x2  
  44  4:53  Observer  
  45  5:05  Stalker x2  
  45  5:06  Stalker  
  51  5:08  Probe x2  
  52  5:15  Pylon  
  52  5:16  Probe  
  52  5:18  Observer  
  54  5:29  Probe x2, Twilight Council  
  56  5:38  Probe  
  57  5:43  Forge  
  57  5:44  Probe, Pylon  
  57  5:47  Probe  
  58  5:52  Stalker  
  61  5:57  Charge  
  61  6:03  Probe x2, Protoss Ground Armor Level 1  
  61  6:09  Assimilator x2  
  61  6:11  Dark Shrine  
  61  6:19  Probe  
  61  6:20  Probe  
  62  6:32  Probe x2  
  64  6:36  Nexus  
  64  6:38  Pylon  
  64  6:44  Sentry, Probe x2  
  68  6:49  Gateway  
  68  6:50  Gateway  
  69  6:54  Observer  
  69  6:56  Gateway  
  69  7:01  Gateway  
  69  7:07  Probe  
  69  7:08  Probe  
  71  7:16  Immortal  
  71  7:20  Pylon  
  75  7:27  Probe x2  
  77  7:32  Pylon  
  77  7:39  Protoss Ground Weapons Level 1  
  77  7:43  Sentry x2  
  81  7:45  Zealot  
  81  7:46  Zealot x2  
  81  7:48  Probe  
  81  7:49  Pylon  
  87  7:57  Immortal  
  91  7:59  Dark Templar x2  
  95  8:10  Dark Templar  
  95  8:28  Dark Templar  
  95  8:30  Zealot x3  
  95  8:32  Probe x2  
  103  8:38  Immortal  
  105  8:41  Blink  
  77  9:02  Dark Templar  
  77  9:04  Zealot x4  
  77  9:05  Zealot x2  
  77  9:06  Probe x2  
  77  9:08  Probe  
  77  9:09  Protoss Ground Armor Level 2  
  92  9:14  Photon Cannon  
  92  9:23  Robotics Bay  
  92  9:27  Probe x3  
  95  9:35  Sentry  
  95  9:36  Zealot x6  
  108  9:45  Immortal  
  108  10:03  Probe  
  108  10:05  Assimilator  
  108  10:06  Pylon  
  109  10:07  Assimilator  
  109  10:14  Colossus, Extended Thermal Lance  
  109  10:16  Pylon  
  109  10:26  Zealot  
  101  10:45  Stalker x6  
  113  10:50  Photon Cannon  
  113  10:51  Colossus  
  113  10:57  Probe  
  109  11:17  Zealot x5  
  109  11:18  Zealot x2  
  117  11:22  Protoss Ground Weapons Level 2  
  111  11:40  Stalker x5  
  111  11:41  Stalker x2  
  125  11:47  Pylon  
  125  11:49  Pylon  
  125  11:55  Colossus  
  125  11:56  Pylon x2  
  125  12:04  Observer, Forge  
  125  12:07  Pylon  
  131  12:09  Dark Templar  
  131  12:10  Protoss Ground Armor Level 3  
  131  12:11  Sentry  
  131  12:12  Zealot x2  
  131  12:13  Zealot  
  141  12:21  Templar Archives  
  141  12:30  Zealot x2  
  141  12:31  Nexus  
  141  12:33  Pylon  
  141  12:34  Stalker x4  
  153  12:46  Colossus  
  155  13:09  Zealot x7  
  152  13:34  Zealot x5  
  152  13:35  Zealot  
  156  13:59  Pylon  
  156  14:05  Stalker x5  
  156  14:09  Dark Templar  
  168  14:19  Probe  
  159  14:39  Zealot x3  
  159  14:40  Zealot x3  
  163  14:54  Probe  
  163  15:05  Probe  
  163  15:06  Probe x3  
  162  15:17  Stalker  
  162  15:18  High Templar x5  
  162  15:19  High Templar  
  160  15:34  Archon x2  
  160  15:35  Archon  

Tags
 
Add a new tag
Caveats
  • Supply blocks, unpowered buildings, or Contaminate may cause inaccurate times.
  • Supply counts are checked every 10 seconds.